[Event "*** MasterClass Titled Tuesday Blitz"]
[Site "Chess.com"]
[Date "2017.12.05"]
[Round "8"]
[White "kleinebeer98"]
[Black "ChessWarrior7197"]
[Result "1-0"]
[WhiteElo "2509"]
[BlackElo "2635"]
[TimeControl "180+2"]
[EndTime "15:56:03 PST"]
[Termination "kleinebeer98 won by resignation"]

1. e4 e5 2. Nf3 Nc6 3. Bb5 a6 4. Ba4 Nf6 5. d3 b5 6. Bb3 Be7 7. a4 Bb7 8. Nc3 b4 9. Nd5 O-O 10. Nxe7+ Qxe7 11. Bg5 d6 12. O-O h6 13. Bh4 g5 14. Bg3 Ne8 15. h4 Ng7 16. hxg5 hxg5 17.
Qd2 g4 18. Bh4 Qd7 19. Bf6 Kh7 20. Qg5 Rg8 21. Qh4+ Kg6 22. Qg5+ Kh7 23. Kh2 Nf5 24. Qh5+ Nh6 25. Ng5+ Rxg5 26. Bxg5 Rh8 27. Bxh6 Nd4 28.
Bxf7 Qxf7 29. Qxf7+ Kxh6 30. f4 Ne2 31. Qf6+ Kh7 32. Qxh8+ Kxh8 33. fxe5 dxe5 34. Rf7 Bc8 35. Rf8+ 1-0

[Event "*** MasterClass Titled Tuesday Blitz"]
[Site "Chess.com"]
[Date "2017.12.05"]
[Round "8"]
[White "HolyInquisitor0001"]
[Black "hhbcd_grob_bes"]
[Result "1-0"]
[WhiteElo "1676"]
[BlackElo "1543"]
[TimeControl "180+2"]
[EndTime "15:56:14 PST"]
[Termination "HolyInquisitor0001 won on time"]

1. e4 e5 2. f4 d5 3. Nf3 Nc6 4. exd5 Qxd5 5. Nc3 Qa5 6. Bb5 Ne7 7. fxe5 a6 8. Bxc6+ Nxc6 9. d4 Bg4 10. O-O O-O-O 11.
h3 Bxf3 12. Qxf3 Nxd4 13. Qxf7 Nxc2 14. Qe6+ Kb8 15. Bg5 Nxa1 16. Bxd8 Bc5+ 17. Kh1 Rxd8 18. Rxa1 Qb6 19. Qxb6 Bxb6 20. e6 Re8 21. Re1 1-0

[Event "*** MasterClass Titled Tuesday Blitz"]
[Site "Chess.com"]
[Date "2017.12.05"]
[Round "8"]
[White "champ2005"]
[Black "johannesh"]
[Result "1-0"]
[WhiteElo "2438"]
[BlackElo "2289"]
[TimeControl "180+2"]
[EndTime "15:56:27 PST"]
[Termination "champ2005 won by resignation"]

1. e4 c6 2. Nc3 d5 3. Qf3 dxe4 4. Nxe4 Nd7 5. Bc4 Ne5 6. Qc3 Nxc4 7. Qxc4 Qd5 8. Qe2 Nf6 9. d3 Nxe4 10. dxe4 Qa5+ 11.
Bd2 Qb6 12. Bc3 f6 13. Nf3 e5 14. Nxe5 fxe5 15. Qh5+ Kd8 16. O-O-O+ Bd7 17. Rxd7+ Kxd7 18. Qf7+ Kd6 19. b4 Be7 20. Rd1+ Kc7 21. Qxe7+ Kc8 22. Qd7+ 1-0

[Event "*** MasterClass Titled Tuesday Blitz"]
[Site "Chess.com"]
[Date "2017.12.05"]
[Round "8"]
[White "ppchess2017"]
[Black "GMKrikor"]
[Result "0-1"]
[WhiteElo "1804"]
[BlackElo "2622"]
[TimeControl "180+2"]
[EndTime "15:56:39 PST"]
[Termination "GMKrikor won by resignation"]

1. e4 e5 2. Nc3 Nf6 3. f4 d5 4. fxe5 Nxe4 5. Nf3 Be7 6. d4 Bb4 7. Qd3 c5 8. Bd2 Nxd2 9. Nxd2 cxd4 10. Qxd4 Nc6 11.
Bb5 Bxc3 12. Qxc3 O-O 13. Bxc6 d4 14. Qc4 Be6 15. Qd3 bxc6 16. O-O-O c5 17. Ne4 Rc8 18.
Nd6 Rb8 19. Qa3 Qg5+ 20. Kb1 Qxe5 21. Qg3 Qd5 22. b3 Rb6 23. Rhe1 Qxd6 24. Qg5 c4 25. Qf4 Qxf4 0-1

[Event "*** MasterClass Titled Tuesday Blitz"]
[Site "Chess.com"]
[Date "2017.12.05"]
[Round "8"]
[White "FearNoEvil12"]
[Black "Blitz-rider"]
[Result "1-0"]
[WhiteElo "2059"]
[BlackElo "1972"]
[TimeControl "180+2"]
[EndTime "15:56:41 PST"]
[Termination "FearNoEvil12 won on time"]

1. e4 c5 2. Nc3 e6 3. f4 Nc6 4. Nf3 d5 5. Bb5 Nf6 6. Qe2 d4 7. Bxc6+ bxc6 8. Nd1 Be7 9. d3 O-O 10. b3 h6 11. Nf2 Nh7 12. g4 Bh4 13. O-O f5 14. g5 hxg5 15. fxg5 Bxg5 16. Kh1 fxe4 17. Nxe4 Bxc1 18. Raxc1 Qd5 19. Rg1 e5 20. Rg3 Nf6 21.
Rcg1 Ne8 22. Nfg5 Bf5 23. Qh5 a6 24. h4 Ra7 25. Kh2 Nf6 26. Nxf6+ Rxf6 27. Nf3 1-0

[Event "*** MasterClass Titled Tuesday Blitz"]
[Site "Chess.com"]
[Date "2017.12.05"]
[Round "8"]
[White "temiksmozg"]
[Black "dusanacns"]
[Result "0-1"]
[WhiteElo "2518"]
[BlackElo "2617"]
[TimeControl "180+2"]
[EndTime "15:56:46 PST"]
[Termination "dusanacns won on time"]

1. d4 Nf6 2. c4 g6 3. Nc3 Bg7 4. e4 O-O 5. Nf3 c6 6. Bd3 d6 7. h3 e5 8. d5 Na6 9. g4 h5 10. Nh2 Nc5 11. Bc2 cxd5 12. exd5 e4 13. Be3 Re8 14.
Rg1 h4 15. g5 Nfd7 16. Ng4 Ne5 17. Nxe5 Bxe5 18. Qd2 Bxh3 19. Rh1 Qd7 20. O-O-O Bg4 21. Rdg1 h3 22. Bxc5 Bxc3 23. Qxc3 dxc5 24. Ba4 Qf5 25. Bxe8 Rxe8 26. Qg3 e3 27. fxe3 Re4 28. Rf1 Rxc4+ 0-1

[Event "*** MasterClass Titled Tuesday Blitz"]
[Site "Chess.com"]
[Date "2017.12.05"]
[Round "8"]
[White "Rhinos1"]
[Black "MFBerna"]
[Result "0-1"]
[WhiteElo "2040"]
[BlackElo "2297"]
[TimeControl "180+2"]
[EndTime "15:56:51 PST"]
[Termination "MFBerna won by checkmate"]

1. e4 c5 2. d4 cxd4 3. c3 dxc3 4. Nxc3 Nc6 5. Nf3 e6 6. Bc4 d6 7. O-O a6 8. Qe2 Nf6 9. Rd1 Qc7 10. Bf4 Be7 11. Rac1 O-O 12. a3 e5 13. Be3 Bg4 14. Nd5 Qd8 15. Bb6 Qd7 16. Be3 Bd8 17. Ba2 Nxe4 18.
h3 Be6 19. Bb6 f5 20. Bxd8 Qxd8 21. b4 Kh8 22. b5 axb5 23. Qxb5 Rxa3 24. Qxb7 Rxa2 25.
Rxc6 Nxf2 26. Nc7 Bc8 27. Rcxd6 Qxd6 28. Rxd6 Bxb7 29. Ne6 Rg8 30. Nxe5 h5 31. Ng5 Re8 32. Ng6+ Kg8 33. Rd7 Re1+ 34. Kh2 Ng4+ 35. hxg4 Rxg2+ 36. Kh3 Rh1# 0-1

[Event "*** MasterClass Titled Tuesday Blitz"]
[Site "Chess.com"]
[Date "2017.12.05"]
[Round "8"]
[White "pedromartinez91"]
[Black "saraiva_80"]
[Result "1-0"]
[WhiteElo "2236"]
[BlackElo "1355"]
[TimeControl "180+2"]
[EndTime "15:57:05 PST"]
[Termination "pedromartinez91 won by resignation"]

1. e4 c5 2. Nf3 d6 3. d4 cxd4 4. Nxd4 Nf6 5. Nc3 a6 6. f3 e6 7. Be3 Be7 8. Qd2 Qc7 9. g4 b5 10. g5 Nfd7 11. O-O-O Ne5 12. Qf2 Bb7 13. h4 Nbd7 14.
Kb1 b4 15. Na4 Nc5 16. Nxc5 dxc5 17. Nb3 c4 18. Bb6 Qc6 19. Na5 Qc8 20. Nxb7 Qxb7 21. Bd4 Rd8 22. Be2 Nc6 23. Bxc4 Nxd4 24. Rxd4 Rxd4 25.
Qxd4 O-O 26. Qe3 a5 27. Rd1 a4 28. h5 b3 29. cxb3 axb3 30. Bxb3 Rc8 31. g6 hxg6 32. hxg6 Qb5 33. gxf7+ Kxf7 34. Qf4+ Bf6 35. Qg4 Qg5 36.
Bxe6+ Ke7 37. Qxg5 Rc1+ 38. Qxc1 Kxe6 39. Rd5 1-0

[Event "*** MasterClass Titled Tuesday Blitz"]
[Site "Chess.com"]
[Date "2017.12.05"]
[Round "8"]
[White "Grebeniuk-S"]
[Black "Vojtastr"]
[Result "1-0"]
[WhiteElo "2399"]
[BlackElo "2390"]
[TimeControl "180+2"]
[EndTime "15:57:11 PST"]
[Termination "Grebeniuk-S won by resignation"]

1. d4 Nf6 2. c3 c5 3. Nf3 e6 4. e3 Nc6 5. Nbd2 d5 6. Bd3 Bd6 7. O-O O-O 8. dxc5 Bxc5 9. e4 dxe4 10. Nxe4 Nxe4 11. Bxe4 e5 12. Bxc6 bxc6 13. Nxe5 Qf6 14. Nd7 Bxd7 15. Qxd7 Rad8 16. Qg4 Rd5 17. Bf4 h5 18.
Qg3 Rf5 19. Be3 h4 20. Qh3 Bd6 21. Rad1 Bb8 22. Rd4 g5 23. Rfd1 Qg6 24. Qg4 Be5 25.
Rd7 Bf4 26. Bxa7 Ra5 27. a3 Qe4 28. R7d4 f5 29. Qh5 Qe7 30. Rd7 Rd5 31. Rxe7 1-0

[Event "*** MasterClass Titled Tuesday Blitz"]
[Site "Chess.com"]
[Date "2017.12.05"]
[Round "8"]
[White "Swarnapuri"]
[Black "evgenysharapov"]
[Result "0-1"]
[WhiteElo "2393"]
[BlackElo "2313"]
[TimeControl "180+2"]
[EndTime "15:57:13 PST"]
[Termination "evgenysharapov won by checkmate"]

1. d4 d5 2. Bf4 Nf6 3. e3 c5 4. c3 Nc6 5. Nd2 e6 6. Ngf3 Bd6 7. Bg3 O-O 8. Bd3 Bxg3 9. hxg3 Qd6 10. Ne5 h6 11. f4 cxd4 12. exd4 Nd7 13. Qe2 Ncxe5 14. fxe5 Qe7 15. O-O-O b5 16. Bxb5 Rb8 17. Bd3 Rb6 18.
g4 Bb7 19. Nf3 Rc8 20. g5 Rxc3+ 21. bxc3 Qa3+ 22. Kd2 Rb2+ 23. Bc2 Rxc2+ 24. Kxc2 Qxa2+ 25. Kd3 Ba6+ 26. Ke3 Qxe2+ 27. Kf4 Qxg2 28. gxh6 Nf8 29. Nh4 g5+ 30. Ke3 Qe2# 0-1

[Event "*** MasterClass Titled Tuesday Blitz"]
[Site "Chess.com"]
[Date "2017.12.05"]
[Round "8"]
[White "Khamrakulov_Djurabek"]
[Black "Blitzstream"]
[Result "0-1"]
[WhiteElo "2665"]
[BlackElo "2553"]
[TimeControl "180+2"]
[EndTime "15:57:14 PST"]
[Termination "Blitzstream won by resignation"]

1. e4 d5 2. exd5 Qxd5 3. Nc3 Qa5 4. d4 Nf6 5. Bc4 Bg4 6. f3 Bf5 7. Ne2 e6 8. Bd2 Qb6 9. Rb1 a6 10. b4 c6 11. O-O Bd6 12. Bf4 Bxf4 13. Nxf4 O-O 14. g4 Bg6 15. h4 e5 16. Nxg6 hxg6 17. Na4 Qc7 18. Nc3 exd4 19. Ne2 c5 20. bxc5 Nc6 21.
Kg2 Rad8 22. Qd2 Ne5 23. Qb4 Nxc4 24. Qxc4 Nd5 25. Qxd4 Rfe8 26. Kh1 Rxe2 27. Rf2 Nc3 0-1

[Event "*** MasterClass Titled Tuesday Blitz"]
[Site "Chess.com"]
[Date "2017.12.05"]
[Round "8"]
[White "Tash_Boy"]
[Black "saraswathii"]
[Result "1-0"]
[WhiteElo "2442"]
[BlackElo "2307"]
[TimeControl "180+2"]
[EndTime "15:57:14 PST"]
[Termination "Tash_Boy won by resignation"]

1. e4 c5 2. Nf3 e6 3. d4 cxd4 4. Nxd4 Nf6 5. Nc3 Nc6 6. Ndb5 Bb4 7. Bf4 Nxe4 8. Nc7+ Ke7 9. Qf3 d5 10. Nxa8 Qa5 11.
Bd3 Nxc3 12. O-O Nb5 13. Qg3 g6 14. a4 Nd6 15. c3 Bc5 16. b4 Nxb4 17. cxb4 Bxb4 18.
Rac1 Bd7 19. Nc7 a6 20. Be5 Rc8 21. Qh4+ Kf8 22. Qh6+ Ke7 23. Qg7 Bc6 24. Qf6+ Kd7 25. Nxe6 fxe6 26. Qg7+ Ke8 27. Qxh7 Nf7 28. Bxg6 1-0

[Event "*** MasterClass Titled Tuesday Blitz"]
[Site "Chess.com"]
[Date "2017.12.05"]
[Round "8"]
[White "AndrewMcStone"]
[Black "Angry_Serb"]
[Result "0-1"]
[WhiteElo "2116"]
[BlackElo "2342"]
[TimeControl "180+2"]
[EndTime "15:57:16 PST"]
[Termination "Angry_Serb won by resignation"]

1. d4 e6 2. c4 c5 3. d5 exd5 4.
cxd5 d6 5. Nc3 g6 6. e4 Bg7 7. Nge2 Ne7 8. Ng3 O-O 9. Be2 f5 10. exf5 Nxf5 11. O-O Nd4 12. Bg4 Na6 13. Bxc8 Rxc8 14.
Qg4 Rc7 15. Bg5 Qd7 16. Qh4 Nb4 17. Rae1 Re8 18. Nge4 Nf5 19. Qf4 Rf8 20. Qd2 h6 21. Bf4 g5 22. Bg3 c4 23. Re2 Nd3 24. h3 b5 25. a3 Rcc8 26. a4 a6 27. axb5 axb5 28.
b4 Ra8 29. h4 gxh4 30. Bf4 Nxf4 31. Qxf4 Nd4 32. Nf6+ Bxf6 0-1

[Event "*** MasterClass Titled Tuesday Blitz"]
[Site "Chess.com"]
[Date "2017.12.05"]
[Round "8"]
[White "Gattass"]
[Black "TijanaBlagojevic"]
[Result "0-1"]
[WhiteElo "2128"]
[BlackElo "2330"]
[TimeControl "180+2"]
[EndTime "15:57:19 PST"]
[Termination "TijanaBlagojevic won by resignation"]

1. e4 e5 2. Nf3 Nc6 3. d4 exd4 4. Bc4 Nf6 5. e5 Ne4 6. Bd5 Nc5 7. O-O Ne6 8. c3 dxc3 9. Nxc3 Be7 10. Re1 O-O 11. Be4 d6 12. Qc2 h6 13. Rd1 Qe8 14. Nb5 dxe5 15.
Bd5 Nb4 16. Qc4 Nxd5 17. Rxd5 c6 18. Rxe5 cxb5 19. Rxb5 Bd7 20. Rxb7 Bf6 21. Be3 a6 22. Rb6 Bb5 23. Qe4 Rd8 24. a4 Bd3 25. Qb4 Be2 26.
Nd2 Bg5 27. Qe4 Bxe3 28. Qxe3 Nd4 29. Qg3 Bd3 30. Kh1 Nc2 31. Rc1 Qe2 32. Nf3 Be4 33. Ng1 Rd1 34. Rxd1 Qxd1 35. Rxh6 Nd4 36. Rd6 Qxg1+ 37.
Kxg1 Ne2+ 38. Kf1 Nxg3+ 39. hxg3 Rb8 40. f3 Bg6 41. Rxa6 Bd3+ 0-1

[Event "*** MasterClass Titled Tuesday Blitz"]
[Site "Chess.com"]
[Date "2017.12.05"]
[Round "8"]
[White "Scott-fox21"]
[Black "MateusViageiro"]
[Result "0-1"]
[WhiteElo "2195"]
[BlackElo "2186"]
[TimeControl "180+2"]
[EndTime "15:57:19 PST"]
[Termination "MateusViageiro won by resignation"]

1. d4 Nf6 2. c4 e6 3. Nc3 Bb4 4. a3 Bxc3+ 5. bxc3 b6 6. e3 Bb7 7. f3 d5 8. cxd5 exd5 9. Bd3 O-O 10. Ne2 Nbd7 11.
O-O c5 12. Rb1 Re8 13. Ng3 Qc7 14. Re1 Nf8 15. e4 dxe4 16. fxe4 Rad8 17. d5 Ng6 18. c4 Ne5 19. Bf4 Nfd7 20. Nf5 g6 21. d6 Qb8 22. Ne7+ Kg7 23. Bf1 f6 24. Qd2 Nf7 25.
Rbd1 Nde5 26. Qc3 Rxd6 27. Nd5 Bxd5 28. exd5 Rd7 29. g4 g5 30. Bg3 Qd6 31. Bd3 Rde7 32.
Bf5 Nh6 33. Be6 Nhf7 34. Re4 Rxe6 35. dxe6 Qxd1+ 36. Re1 Nf3+ 37. Kf1 Nxe1 38. exf7 Qe2+ 0-1

[Event "*** MasterClass Titled Tuesday Blitz"]
[Site "Chess.com"]
[Date "2017.12.05"]
[Round "8"]
[White "Colombiano07"]
[Black "TheBigBoss04"]
[Result "0-1"]
[WhiteElo "2196"]
[BlackElo "2496"]
[TimeControl "180+2"]
[EndTime "15:57:22 PST"]
[Termination "TheBigBoss04 won by resignation"]

1. e4 c6 2. d4 d5 3. Nc3 dxe4 4. Nxe4 Bf5 5. Ng3 Bg6 6. h4 h6 7. Nf3 Nd7 8. h5 Bh7 9. Bd3 Bxd3 10. Qxd3 Ngf6 11. Bf4 e6 12. O-O-O Qa5 13. Kb1 Be7 14. Ne4 Nxe4 15. Qxe4 Nf6 16. Qe2 Nxh5 17. Bd2 Qf5 18. Ne5 Nf4 19. Qf3 Nd5 20. Qg3 g5 21. Rh5 O-O-O 22. Rdh1 Nf6 23. Rxh6 Ne4 24. Qe3 Rxh6 25. Rxh6 Nxd2+ 26. Qxd2 Qxe5 27. c3 c5 28. Qe3 Qf5+ 29.
Kc1 cxd4 30. cxd4 g4 0-1

[Event "*** MasterClass Titled Tuesday Blitz"]
[Site "Chess.com"]
[Date "2017.12.05"]
[Round "8"]
[White "JSPrepz"]
[Black "Alexander_Moskalenko"]
[Result "0-1"]
[WhiteElo "2569"]
[BlackElo "2747"]
[TimeControl "180+2"]
[EndTime "15:57:23 PST"]
[Termination "Alexander_Moskalenko won by checkmate"]

1. e4 c5 2. Nf3 Nc6 3. Bb5 Nf6 4. Nc3 Qc7 5. O-O Nd4 6. Ba4 a6 7. d3 b5 8. Bb3 Nxb3 9. axb3 Bb7 10. Bg5 e6 11. e5 Nd5 12. Ne4 h6 13. Bh4 Bc6 14. Qd2 Qb7 15. Rfe1 g5 16. Bg3 Be7 17. h4 g4 18. Nh2 h5 19. c4 Nb4 20. Bf4 bxc4 21.
bxc4 Bxe4 22. Rxe4 Bxh4 23. f3 Be7 24. fxg4 h4 25.
Rf1 h3 26. g3 Nc6 27. Bg5 Bxg5 28. Qxg5 Qxb2 29. Rf2 Qb1+ 30. Nf1 Qxd3 31. Re3 Qg6 32. Qf4 a5 33. Nd2 a4 34. Ne4 h2+ 35. Kh1 a3 36. Ra2 Ke7 37. Rexa3 Rxa3 38. Rxa3 Rb8 39.
Ra1 Rb2 40. Rf1 Kd8 41. g5 Kc8 42. Nd6+ Kc7 43. Qxf7 Qc2 44. Qf3 Nxe5 45. Ne8+ Kb6 46. Qa8 Nc6 47. Qa3 Qg2# 0-1

[Event "*** MasterClass Titled Tuesday Blitz"]
[Site "Chess.com"]
[Date "2017.12.05"]
[Round "8"]
[White "LuisFSiles"]
[Black "ChessMavenYeti"]
[Result "1-0"]
[WhiteElo "2223"]
[BlackElo "2069"]
[TimeControl "180+2"]
[EndTime "15:57:24 PST"]
[Termination "LuisFSiles won by resignation"]

1. d4 e6 2. e4 d5 3. Nd2 h6 4.
Ngf3 Nf6 5. Bd3 c5 6. c3 Nc6 7. e5 Nd7 8. O-O g5 9. c4 dxc4 10. Nxc4 cxd4 11. Qe2 g4 12. Nfd2 h5 13. f3 Rg8 14. fxg4 Rxg4 15. h3 Rg3 16. Ne4 Rxd3 17. Ned6+ Bxd6 18. Nxd6+ Kf8 19. Rxf7+ Kg8 20. Qxd3 Nf8 21.
Bh6 Nxe5 22. Qg3+ Nfg6 23. Rf8+ Qxf8 24. Bxf8 Kxf8 25. Rf1+ Ke7 26. Nc4 Nxc4 27. Qxg6 Ne3 28. Qg7+ Kd6 29. Qxd4+ Nd5 30. b4 Bd7 31. Qc5+ Ke5 32. Re1+ Kf6 33. Qd6 Rd8 34. Rxe6+ Bxe6 35. Qxd8+ Ke5 36. Qb8+ Kd4 37. Qxa7+ Kc4 38. Qc5+ Kd3 39. a4 Ke4 40. a5 Ke5 41. b5 Ke4 42. a6 bxa6 43.
bxa6 Nf4 44. a7 Bd5 45. Qxd5+ Kxd5 46. a8=Q+ Ke5 47. Qf3 h4 48. Qg4 Ke4 49. Qxh4 Ke3 50. Qxf4+ Kxf4 51. Kf2 1-0

[Event "*** MasterClass Titled Tuesday Blitz"]
[Site "Chess.com"]
[Date "2017.12.05"]
[Round "8"]
[White "nurmiTV"]
[Black "Saitama_Hero"]
[Result "0-1"]
[WhiteElo "2465"]
[BlackElo "2137"]
[TimeControl "180+2"]
[EndTime "15:57:26 PST"]
[Termination "Saitama_Hero won by checkmate"]

1. c4 Nf6 2. Nc3 d5 3. cxd5 Nxd5 4. e3 g6 5. Nf3 Bg7 6. h4 O-O 7. h5 c5 8. Ng5 e6 9. Nxh7 Kxh7 10. hxg6+ Kg8 11. gxf7+ Rxf7 12. Bd3 Nb4 13. Bh7+ Kf8 14. d3 N8c6 15. a3 Nd5 16. Ne4 Nf6 17. Bg6 Rd7 18.
Nxc5 Rd5 19. b4 b6 20. Nb3 Ne5 21. Bh7 Nxd3+ 22. Kf1 Ba6 23. Kg1 Nf4 24. Qf3 Ne2+ 25. Kh2 Rh5+ 26. Qxh5 Nxh5 27. Ra2 Qh4# 0-1

[Event "*** MasterClass Titled Tuesday Blitz"]
[Site "Chess.com"]
[Date "2017.12.05"]
[Round "8"]
[White "RookSacrifice_OLD"]
[Black "TomasPabloFerreira"]
[Result "0-1"]
[WhiteElo "1837"]
[BlackElo "974"]
[TimeControl "180+2"]
[EndTime "15:57:28 PST"]
[Termination "TomasPabloFerreira won by checkmate"]

1. d4 Nf6 2. c4 g6 3. Nc3 Bg7 4.
e4 d6 5. Be2 O-O 6. Nf3 c5 7.
d5 e6 8. dxe6 Bxe6 9. Bf4 Qb6 10.
Qd2 Nc6 11. O-O Rfe8 12. Bxd6 Rad8 13. Na4 Qb4 14. Qxb4 cxb4 15. e5 Nd7 16. a3 bxa3 17. Bxa3 Ndxe5 18. Nxe5 Nxe5 19. Rac1 Bh6 20. Rc3 Rd2 21.
Re1 Bd7 22. Nc5 Bc6 23. b4 Nxc4 24. Bxc4 Rxe1+ 25. Bf1 Rdd1 26. h3 Rxf1+ 27. Kh2 Bf4+ 28. g3 Rh1# 0-1

[Event "*** MasterClass Titled Tuesday Blitz"]
[Site "Chess.com"]
[Date "2017.12.05"]
[Round "8"]
[White "FMJoseHerrera"]
[Black "Winehouse83"]
[Result "0-1"]
[WhiteElo "2439"]
[BlackElo "2401"]
[TimeControl "180+2"]
[EndTime "15:57:35 PST"]
[Termination "Winehouse83 won by resignation"]

1. Nf3 Nf6 2. g3 g6 3. Bg2 Bg7 4. h4 h5 5. d3 d6 6. Nc3 c5 7. e4 Nc6 8. O-O Bg4 9. Bg5 Nd4 10. Be3 Nd7 11. Nd5 e6 12. Nf4 Ne5 13. Bxd4 cxd4 14. Kh2 O-O 15. Nh3 f5 16. exf5 Rxf5 17. Nhg5 Rxg5 18.
hxg5 Qf8 19. Nxe5 Bxd1 20. Nxg6 Qe8 21. Nf4 Bg4 22. Rae1 Be5 23. b3 Bxf4 24. gxf4 Qf7 25. Kg3 Rf8 26. Re4 e5 27. fxe5 dxe5 28. f4 exf4+ 29.
Rexf4 Qc7 30. Bd5+ Kg7 31. Bc4 Rxf4 32. Rxf4 Qe5 33.
Bd5 Qxd5 34. Re4 Qxg5 0-1

[Event "*** MasterClass Titled Tuesday Blitz"]
[Site "Chess.com"]
[Date "2017.12.05"]
[Round "8"]
[White "saikrishnaReturns"]
[Black "Mistheoretical"]
[Result "1-0"]
[WhiteElo "2424"]
[BlackElo "2265"]
[TimeControl "180+2"]
[EndTime "15:57:39 PST"]
[Termination "saikrishnaReturns won by resignation"]

1. e4 e6 2. Nc3 d5 3. d4 Bb4 4. e5 Ne7 5. Qg4 Nf5 6. Bd3 h5 7.
Qf4 Qh4 8. Bxf5 Qxf4 9. Bxf4 Bxc3+ 10. bxc3 exf5 11. h4 Be6 12. Nh3 Nc6 13. Rb1 Na5 14. Bd2 b6 15. Nf4 g6 16. Ke2 Nc4 17. Rb4 Kd7 18.
Rxc4 dxc4 19. d5 Rhg8 20. dxe6+ fxe6 21. Nh3 Kc6 22. Bg5 Rg7 23. Bf6 Rgg8 24. Nf4 Rae8 25.
Rd1 b5 26. Kd2 Rd8+ 27. Bxd8 Rxd8+ 28. Ke2 Re8 29. Nxg6 a5 30. Nf4 b4 31. g3 Kb5 32.
Nxh5 c5 33. Nf4 Ka4 34. Rd6 Ka3 35. Rxe6 Rc8 36. Ra6 a4 37. Nd5 b3 38. axb3 cxb3 39. cxb3 Kxb3 40. e6 a3 41. e7 a2 42. Ra7 Re8 43. Kd3 Kb2 44. Kc4 a1=Q 45. Rxa1 Kxa1 46.
Kxc5 f4 47. gxf4 Kb2 48. f5 1-0

[Event "*** MasterClass Titled Tuesday Blitz"]
[Site "Chess.com"]
[Date "2017.12.05"]
[Round "8"]
[White "tigra"]
[Black "robbykevlishvili"]
[Result "0-1"]
[WhiteElo "2649"]
[BlackElo "2456"]
[TimeControl "180+2"]
[EndTime "15:57:41 PST"]
[Termination "robbykevlishvili won by resignation"]

1. e4 e5 2. Nf3 Nc6 3. Bb5 a6 4.
Ba4 Nf6 5. d3 d6 6. Be3 Ng4 7. Bd2 Be7 8. h3 Nf6 9. Qe2 O-O 10. c3 Nd7 11. d4 exd4 12. cxd4 Nb6 13. Bb3 d5 14. e5 Bf5 15. O-O Be4 16. Bc3 a5 17. a4 Nb4 18. Rd1 Kh8 19. Ne1 f6 20.
Nd2 Bg6 21. Ndf3 Bh5 22. g4 Bg6 23. Nh4 fxe5 24. Nxg6+ hxg6 25. dxe5 Bc5 26. Nf3 Qe7 27. Bd4 Bxd4 28. Rxd4 c5 29. Rd2 Rf4 30. Rf1 Raf8 31. Ne1 c4 32. Bc2 d4 33. Bxg6 d3 34. Qe3 N6d5 35.
Qg3 Qg5 36. Bxd3 cxd3 37. Nxd3 Rf3 38. Qg2 Qxd2 39. Nc5 Nf4 40. Qxf3 Ne2+ 41. Kg2 Rxf3 42. Kxf3 Qf4+ 43. Kg2 Qxe5 0-1

[Event "*** MasterClass Titled Tuesday Blitz"]
[Site "Chess.com"]
[Date "2017.12.05"]
[Round "8"]
[White "krzyzan94"]
[Black "StellarChessPro"]
[Result "1-0"]
[WhiteElo "2607"]
[BlackElo "2342"]
[TimeControl "180+2"]
[EndTime "15:57:53 PST"]
[Termination "krzyzan94 won by checkmate"]

1. e4 Nc6 2. Nf3 e5 3. d4 exd4 4. Nxd4 Bc5 5. Nxc6 Qf6 6. Qf3 dxc6 7. Nc3 Be6 8. Qxf6 Nxf6 9. Bd3 O-O-O 10. O-O h6 11. Bf4 Bd4 12. Nd1 Rhe8 13. Re1 Bg4 14. Ne3 Bxb2 15. Rab1 Be5 16. Bxe5 Rxe5 17. f4 Ree8 18. e5 Nd5 19. Nxg4 Nxf4 20. Bf5+ Kb8 21. g3 Nd5 22.
Bd3 a5 23. a3 Nb6 24. Re4 Nd7 25. e6 Rxe6 26. Rxe6 fxe6 27. Be4 Nc5 28. Bxc6 b6 29. Ne5 Rd2 30. c4 Re2 31. Rf1 Ka7 32. Rf8 Nb7 33. Nd7 Rc2 34. Rb8 Rxc4 35. Rxb7+ Ka6 36. Nb8# 1-0

[Event "*** MasterClass Titled Tuesday Blitz"]
[Site "Chess.com"]
[Date "2017.12.05"]
[Round "8"]
[White "toad"]
[Black "ENEASZ"]
[Result "1-0"]
[WhiteElo "2166"]
[BlackElo "2390"]
[TimeControl "180+2"]
[EndTime "15:57:55 PST"]
[Termination "toad won by resignation"]

1. d4 Nf6 2. c4 e6 3. g3 d5 4. Nf3 dxc4 5. Bg2 a6 6. O-O Nc6 7. e3 Rb8 8. Nfd2 Bd7 9. Nxc4 b5 10. Ncd2 Bd6 11. Nc3 e5 12. dxe5 Nxe5 13. Nde4 Nxe4 14. Nxe4 Be7 15. b3 Bg4 16. Qxd8+ Rxd8 17. Bb2 f6 18.
Bxe5 fxe5 19. Rac1 Rd7 20. Nc5 Rd2 21. Nxa6 O-O 22.
Nxc7 Bb4 23. Nd5 Ba3 24. Rc7 Be2 25. Re1 Bd3 26. Ne7+ Bxe7 27. Bd5+ Kh8 28. Rxe7 Rdxf2 29. a4 b4 30. Rxe5 h6 31. Be4 Bf1 32. Rf5 R2xf5 33.
Bxf5 Ba6 34. e4 Rd8 35. e5 Rd2 36. e6 Bb7 37. e7 Rg2+ 38. Kf1 1-0

[Event "*** MasterClass Titled Tuesday Blitz"]
[Site "Chess.com"]
[Date "2017.12.05"]
[Round "8"]
[White "maciek_92"]
[Black "sandromareco"]
[Result "0-1"]
[WhiteElo "2570"]
[BlackElo "2621"]
[TimeControl "180+2"]
[EndTime "15:58:00 PST"]
[Termination "sandromareco won by checkmate"]

1. c4 e5 2. Nc3 Nf6 3. g3 d5 4.
cxd5 Nxd5 5. Bg2 Nb6 6. e3 Be7 7. Nge2 O-O 8. O-O Nc6 9. f4 exf4 10. Nxf4 Bf5 11. d4 Qd7 12. h3 h6 13. g4 Bh7 14. b3 Rae8 15. Ncd5 Nxd5 16. Nxd5 Bh4 17. Ba3 Ne7 18. Nc3 f5 19. gxf5 Nxf5 20. Qg4 Be7 21. Bb2 Bg5 22. Nd5 c6 23. Nf4 Rxe3 24. d5 Rg3 25. Ne6 Rxg4 26. hxg4 Rf7 27. gxf5 Be3+ 28.
Kh1 Rxf5 29. Rxf5 Bxf5 30. Nxg7 Bh3 31. Bf3 Qf7 32. Be4 Qf4 33. Bg2 Bxg2+ 34. Kxg2 Qg4+ 35. Kh2 Bf4+ 36. Kh1 Qh3+ 37. Kg1 Be3# 0-1

[Event "*** MasterClass Titled Tuesday Blitz"]
[Site "Chess.com"]
[Date "2017.12.05"]
[Round "8"]
[White "VampirePrincessMiu"]
[Black "abubakrtagelsir"]
[Result "0-1"]
[WhiteElo "1000"]
[BlackElo "2275"]
[TimeControl "180+2"]
[EndTime "15:58:00 PST"]
[Termination "abubakrtagelsir won on time"]

1. d3 g6 2. c3 Bg7 3. e4 d6 4. Qc2 Nf6 5. Nd2 O-O 6. f4 c5 7.
Ngf3 b5 8. h3 Nh5 9. g4 Nxf4 10.
h4 Bxg4 11. Ng5 h6 12. Ndf3 e5 13. Nh3 Bxf3 14. Rh2 Qxh4+ 15. Qf2 Qxf2+ 16. Nxf2 g5 17. Bxf4 exf4 18. Bg2 Bxg2 19. Rxg2 Nc6 20. O-O-O b4 21. Ng4 bxc3 22. bxc3 Ne5 23. Kc2 Rab8 24. Rh1 Nxg4 25.
Rxg4 f5 26. exf5 Rxf5 27. Rg2 f3 28. Rgh2 Re8 29. Rf1 g4 30. Rh4 Rf4 31. Rxf3 Rxf3 32. Rxg4 Re2+ 33. Kb3 Rxd3 34. Kc4 Rxc3+ 35. Kd5 Rd3+ 36.
Kc6 d5 37. Ra4 c4 38. Rxa7 c3 39. Ra8+ Bf8 40. Rc8 c2 41. Kb5 c1=Q 42. Rxc1 Rxa2 43. Rg1+ Bg7 44. Kc5 Ra6 45. Kb5 Re6 46. Kb4 Rc6 47. Kb5 Rc8 48. Rg6 Rb3+ 49. Ka4 Rb2 50. Ka3 Ra8+ 0-1

[Event "*** MasterClass Titled Tuesday Blitz"]
[Site "Chess.com"]
[Date "2017.12.05"]
[Round "8"]
[White "Dr_Nezard"]
[Black "MRniceplay"]
[Result "1-0"]
[WhiteElo "2304"]
[BlackElo "2241"]
[TimeControl "180+2"]
[EndTime "15:58:01 PST"]
[Termination "Dr_Nezard won on time"]

1. Nf3 Nf6 2. g3 g6 3. Bg2 Bg7 4. O-O O-O 5. d4 d5 6. Ne5 Nc6 7. c4 dxc4 8. Nxc6 bxc6 9. Bxc6 Bh3 10. Re1 Ng4 11. e3 e5 12. Bg2 Bxg2 13. Kxg2 Nxf2 14.
Kxf2 exd4 15. exd4 Bxd4+ 16. Kg2 c5 17. Nc3 Re8 18. Rxe8+ Qxe8 19. Bf4 f6 20. h4 Qc6+ 21. Qf3 Qxf3+ 22. Kxf3 Kf7 23. Be3 a5 24. Na4 Rb8 25. Rd1 Bxe3 26. Kxe3 Rb4 27. Nxc5 Rxb2 28. a4 c3 29. Rc1 Rg2 30. Kf3 Ra2 31. Rxc3 1-0